 Dungeon Crawl Stone Soup version 0.29-a0-1023-g6ae1a4a2c7 (webtiles) character file.

Game seed: 1177435483445547304

2459 Newt the Slasher (level 9, -3/63 (74) HPs)
             Began as a Red Draconian Artificer on Aug 11, 2022.
             Was a Believer of Okawaru.
             Slain by a wolf (7 damage)
             ... led by Grum
             ... while paralysed by Pikel
             ... on level 7 of the Dungeon.
             The game lasted 00:13:47 (9376 turns).

Newt the Slasher (Red Draconian Artificer)          Turns: 9376, Time: 00:13:48

HP:   -3/63 (74)    AC: 12    Str: 22    XL:     9   Next: 26%
MP:   18/18         EV:  2    Int: 12    God:    Okawaru [**....]
Gold: 385           SH:  0    Dex: 10    Spells: 8/8 levels left

rFire   + . .      SeeInvis +   l - +1 long sword (drain)
rCold   . . .      Faith    .   b - +0 buckler
rNeg    . . .      Spirit   .   (body armour unavailable)
rPois   .          Reflect  .   (helmet restricted)
rElec   .          Harm     .   B - +0 cloak
rCorr   .          Rampage  .   h - +0 pair of gloves
Will    .....                   w - +2 pair of boots
Stlth   +.........              (no amulet)
HPRegen 0.20/turn               p - ring of magical power
MPRegen 0.16/turn               (no ring)

@: paralysed, heavily drained
A: breathe fire, AC +7, unfitting armour, fire resistance 1, cold-blooded, see
invisible, strong 1
a: Breathe Fire, Renounce Religion, Heroism


You were on level 7 of the Dungeon.
You worshipped Okawaru.
Okawaru was pleased with you.
You visited 2 branches of the dungeon, and saw 9 of its levels.

You collected 385 gold pieces.

Inventory:

Hand Weapons
 a - a +0 club
 g - a +3 dagger of venom
 k - a +2 mace of protection
 l - a +1 long sword of draining (weapon)
Missiles
 y - 4 throwing nets
Armour
 b - a +0 buckler (worn)
 h - a +0 pair of gloves (worn)
 w - a +2 pair of boots (worn)
 B - a +0 cloak (worn)
Jewellery
 f - a ring of fire
 p - a ring of magical power (left hand)
 v - a ring of resist corrosion
Wands
 c - a wand of charming (15)
 d - a wand of iceblast (3)
Scrolls
 o - a scroll of vulnerability
 s - 2 scrolls of identify
 x - 3 scrolls of amnesia
Potions
 e - 5 potions of curing
 j - a potion of invisibility {unknown}
 m - a potion of lignification {unknown}
 n - 3 potions of degeneration {unknown}
 q - 2 potions of attraction {unknown}
 r - 2 potions of mutation
 t - 2 potions of flight {unknown}
 u - 2 potions of resistance {unknown}
 z - 3 potions of magic
 A - 2 potions of brilliance {unknown}


   Skills:
 - Level 5.5 Fighting
 - Level 3.0(5.4) Short Blades
 - Level 7.0(7.3) Long Blades
 - Level 5.1 Dodging
 - Level 0.8 Stealth
 + Level 5.7 Shields
 - Level 4.0 Evocations


You had 8 spell levels left.
You didn't know any spells.
Your spell library contained the following spells:

 Spells                   Type           Power      Damage    Failure   Level
 Sting                    Tmut/Pois      0%         1d3       38%         1
 Blink                    Tloc           0%         N/A       54%         2
 Dazzling Flash           Conj/Hex       0%         N/A       77%         3
 Lesser Beckoning         Tloc           0%         N/A       77%         3
 Ozocubu's Armour         Ice            0%         N/A       77%         3
 Portal Projectile        Hex/Tloc       0%         N/A       77%         3
 Leda's Liquefaction      Hex/Erth       0%         N/A       99%         4
 Agony                    Necr           0%         N/A       100%        5
 Borgnjor's Vile Clutch   Necr/Erth      0%         N/A       100%        5
 Manifold Assault         Tloc           0%         N/A       100%        5
 Silence                  Hex/Air        0%         N/A       100%        5
 Ozocubu's Refrigeration  Ice            0%         4d7       100%        7
 Borgnjor's Revivificati  Necr           0%         N/A       100%        8
 Call Canine Familiar     Summ           Unusable   N/A       N/A         3
 Death Channel            Necr           Unusable   N/A       N/A         6

Dungeon Overview and Level Annotations

Branches:
Dungeon (8/15)             Temple (1/1) D:5
   Lair: D:8-11

Altars:
Cheibriados
Dithmenos
Elyvilon
Fedhas
Hepliaklqana
Kikubaaqudgha
Makhleb
Okawaru
Qazlal
Ru
Sif Muna
Trog
Uskayaw
Vehumet
Wu Jian
Xom
Zin

Shops:
D:2 :   D:5 (

Annotations:
D:7 Pikel
D:8 Joseph, Prince Ribbit
Temple 2 transporters


Innate Abilities, Weirdness & Mutations

You can breathe blasts of fire.
Your fiery red scales are hard. (AC +7)
You cannot fit into any form of body armour.
Your flesh is heat resistant. (rF+)
You are cold-blooded and may be slowed by cold attacks.
You have supernaturally acute eyesight. (SInv)
Your muscles are strong. (Str +4, Int/Dex -1)


Message History

The wolf attacks as you move away! The wolf bites you.
The lemure attacks as you move away! The lemure closely misses you.
The wolf attacks as you move away! The wolf bites you but does no damage.
The wolf misses you. The wolf bites you.
Pikel says, "Antaeus said I was his favorite kobold.
Me!"
The wolf barely misses you. The wolf bites you but does no damage.
The wolf attacks as you move away! The wolf bites you but does no damage.
The wolf bites you. The wolf bites you but does no damage.
The wolf closely misses you. The wolf attacks as you move away!
The wolf closely misses you. The wolf bites you.
Pikel says, "Hell isn't that bad."
The wolf bites you but does no damage. The wolf attacks as you move away!
The wolf bites you.
* * * LOW HITPOINT WARNING * * *
The sentinel's mark upon you fades away.
The wolf bites you.
* * * LOW HITPOINT WARNING * * *
The wolf bites you!
* * * LOW HITPOINT WARNING * * *
It was a potion of curing.
You feel better. You block the wolf's attack.
It was a potion of magic.
Magic courses through your body. The wolf bites you but does no damage.
The wolf completely misses you. The lemure closely misses you.
It was a potion of mutation.
You feel extremely strange.
You feel stronger.
Your vision sharpens.
The wolf closely misses you. The lemure barely misses you.
Pikel zaps a wand.
You suddenly lose the ability to move!
The wolf bites you but does no damage. The wolf bites you!
* * * LOW HITPOINT WARNING * * *
The lemure hits you.
* * * LOW HITPOINT WARNING * * *
Pikel zaps a wand.
You shrug off the repeated paralysis!
The wolf bites you but does no damage. The wolf barely misses you.
Pikel hits you but does no damage. The wolf bites you but does no damage.
The wolf bites you!
You die...

#................
#.....[..........
#....#.[.........
#....#...........
#....#...........
#########....#...........
#..5K........#...........
##.#####K.................
#.......h@................
########55................
#..................
########...........
#........... #...........
############


You could see Pikel, 2 lemures and a wolf.

Vanquished Creatures
  Sigmund (D:5)
  Menkaure (D:5)
  A water moccasin (D:6)
  A black bear (D:5)
  2 ice beasts
  An ogre (D:6)
  2 lemures (D:8)
  A phantom (D:4)
  A kobold brigand (D:7)
  Blork the orc (D:6)
  A gnoll sergeant (D:6)
  6 necrophages
  2 bullfrogs
  2 scorpions
  4 wights (D:8)
  5 hounds
  2 jellies (D:5)
  Crazy Yiuf (D:6)
  An orc priest (D:7)
  3 orc wizards (D:7)
  10 gnolls
  7 adders
  3 ufetubi
  3 worms
  2 dart slugs
  10 orcs
  4 endoplasms
  A giant cockroach (D:1)
  9 goblins
  7 hobgoblins
  11 kobolds
  5 quokkas (D:1)
  7 ball pythons
  A frilled lizard (D:2)
  10 rats
129 creatures vanquished.

Notes
Turn   | Place    | Note
-------+----------+-------------------------------------------
     0 | D:1      | Newt the Draconian Artificer began the quest for the Orb.
     0 | D:1      | Reached XP level 1. HP: 16/16 MP: 1/1
   344 | D:1      | Reached XP level 2. HP: 23/23 MP: 2/2
   810 | D:1      | Found a faded altar of an unknown god.
  1074 | D:1      | Got the Precepts of Sinister Magic and Blight
  1231 | D:1      | Reached XP level 3. HP: 28/28 MP: 3/3
  1262 | D:1      | Reached skill level 1 in Short Blades
  1620 | D:2      | Reached XP level 4. HP: 20/35 MP: 4/4
  1861 | D:2      | You fall into a shaft and drop 1 floor!
  2083 | D:2      | Found Ehoipuaf's Book Shoppe.
  2875 | D:3      | Reached skill level 1 in Long Blades
  3429 | D:4      | Noticed a phantom
  3435 | D:4      | Killed a phantom
  3436 | D:4      | Reached skill level 3 in Long Blades
  3436 | D:4      | Reached XP level 5. HP: 40/40 MP: 5/5
  3497 | D:4      | Reached skill level 4 in Long Blades
  3497 | D:4      | Reached XP level 6. HP: 33/47 MP: 6/6
  3635 | D:4      | Found a shimmering blue altar of Sif Muna.
  4324 | D:4      | Reached skill level 5 in Long Blades
  4651 | D:5      | Entered Level 5 of the Dungeon
  4699 | D:5      | Noticed Sigmund
  6004 | D:5      | Killed Sigmund
  6005 | D:5      | Reached skill level 6 in Long Blades
  6005 | D:5      | Your scales start taking on a fiery red colour.
  6005 | D:5      | Reached XP level 7. HP: 44/52 MP: 7/7
  6005 | D:5      | Gained mutation: Your flesh is heat resistant. (rF+) [Red
                  | Draconian growth]
  6224 | D:5      | Reached skill level 7 in Long Blades
  6332 | D:5      | Found a staircase to the Ecumenical Temple.
  6410 | Temple   | Entered the Ecumenical Temple
  6410 | Temple   | Found a transporter.
  6410 | Temple   | Found a transporter.
  6412 | Temple   | Found a transporter.
  6412 | Temple   | Found a transporter.
  6438 | Temple   | Became a worshipper of Warmaster Okawaru
  6860 | D:5      | Found Xafoy's Weapon Shop.
  6862 | D:5      | Noticed Menkaure
  6867 | D:5      | Killed Menkaure
  7224 | D:6      | Noticed Blork the orc
  7238 | D:6      | Killed Blork the orc
  7239 | D:6      | Reached XP level 8. HP: 58/63 MP: 8/8
  7416 | D:6      | Reached * piety under Okawaru
  7566 | D:6      | Found a runed translucent door.
  7567 | D:6      | Noticed Crazy Yiuf
  7833 | D:7      | Found a glowing silver altar of Zin.
  7876 | D:7      | Reached skill level 5 in Fighting
  8198 | D:7      | Reached skill level 5 in Dodging
  8603 | D:6      | Reached ** piety under Okawaru
  8727 | D:6      | Killed Crazy Yiuf
  8912 | D:7      | Reached XP level 9. HP: 74/74 MP: 9/9
  9179 | D:7      | Noticed Pikel
  9219 | D:8      | Reached skill level 5 in Shields
  9229 | D:8      | HP: 3/64 [wight/+4 hand axe (10)]
  9339 | D:8      | Noticed Prince Ribbit
  9340 | D:8      | Noticed Joseph
  9373 | D:7      | Gained mutation: Your muscles are strong. (Str +4, Int/Dex
                  | -1) [potion of mutation]
  9373 | D:7      | Gained mutation: You have supernaturally acute eyesight.
                  | (SInv) [potion of mutation]
  9373 | D:7      | Paralysed by Pikel for 5 turns
  9374 | D:7      | HP: 3/63 [lemure[Pikel] (5)]
  9376 | D:7      | Slain by a wolf

Illustrated notes

Levels and vault maps discovered:
D:1:      saegor_arrival_miasma, layout_basic, ebering_ecumenical_altar_ruins,
          nrook_mini_backslash, st_stairs_12, minmay_rat_gold_closets
D:2:      layout_basic, serial_shops, nicolae_lakefront_shop
D:3:      layout_rooms, kennysheep_cross_room, serial_park_tiny_pond,
          nicolae_hexahallways, kennysheep_generic_room_11
D:4:      layout_loops_ring, mainiacjoe_overflow_paths
D:5:      layout_gridville, minmay_temple_entry_sparse_star, serial_shops,
          nicolae_shop_bloodbath_and_beyond, uniq_menkaure, uniq_sigmund
D:6:      layout_cave_pools, kennysheep_potato, uniq_crazy_yiuf_cottage,
          uniq_blork_the_orc
D:7:      layout_basic, zin_scriptorium, chequers_mini_garden,
          hangedman_minor_gate_pass, uniq_pikel
D:8:      layout_gridville, david_lair_shrubbed, serial_bayou_ford_a,
          uniq_prince_ribbit1, uniq_joseph, uniq_grum
Temple:   hellmonk_temple_divided_pantheon

Skill      XL: |  1  2  3  4  5  6  7  8  9 |
---------------+----------------------------+-----
Evocations     | 4 |  4.0
Short Blades   | 2 3 |  3.0
Long Blades    | 3 4 6 7 |  7.0
Fighting       | 3 5 |  5.5
Dodging        | 3 5 |  5.1
Shields        | 4 5 |  5.7
Stealth        | |  0.8

Action                   |  1- 3 |  4- 6 |  7- 9 || total
-------------------------+-------+-------+-------++-------
Melee: Club              |    41 |       |       ||    41
       Tailslap          |     7 |    10 |    37 ||    54
       Dagger            |    40 |     8 |       ||    48
       Punch             |     1 |     1 |     1 ||     3
       Long sword        |       |   114 |   271 ||   385
Invok: Heroism           |       |       |     1 ||     1
 Abil: Breathe Fire      |       |       |     3 ||     3
Evoke: Wand              |     8 |     5 |     8 ||    21
  Use: Scroll            |     7 |     4 |     3 ||    14
       Potion            |       |     1 |     5 ||     6
 Stab: Sleeping          |     5 |     3 |       ||     8
Armor: Skin              |    18 |    56 |   142 ||   216
Dodge: Dodged            |    53 |    65 |   237 ||   355
Block: Buckler           |       |       |    39 ||    39

Table legend: (Time is in decaauts)
 A = Elapsed time spent in this place.
 B = Non-inter-level travel time spent in this place.
 C = Inter-level travel time spent in this place.
 D = Time resting spent in this place.
 E = Time spent auto-exploring this place.
 F = Levels seen in this place.
 G = Mean time per level.
                   A        B        C        D        E       F      G
               +--------+--------+--------+--------+--------+-----+--------+
         Total |   9428 |   9194 |    234 |   2790 |   5290 |   9 | 1047.6 |
       Dungeon |   9385 |   9176 |    209 |   2790 |   5285 |   8 | 1173.1 |
        Temple |     42 |     17 |     25 |      0 |      5 |   1 |   42.0 |
               +--------+--------+--------+--------+--------+-----+--------+

Top non-repeatable levels by time:
     D:4: 2513 daAuts
     D:1: 1555 daAuts
     D:5: 1257 daAuts
     D:6: 1075 daAuts
     D:2: 996 daAuts
     D:7: 927 daAuts
     D:3: 897 daAuts
     D:8: 163 daAuts
  Temple: 42 daAuts
